 Dungeon Crawl Stone Soup version 0.18.1-6-gd335043 (webtiles) character file.

123 tix the Ducker (level 4, -4/34 HPs)
             Began as a Demonspawn Gladiator on May 18, 2016.
             Slain by Natasha (7 damage)
             ... on level 3 of the Dungeon.
             The game lasted 00:02:12 (1469 turns).

tix the Ducker (Demonspawn Gladiator)               Turns: 1469, Time: 00:02:13

Health: -4/34      AC:  4    Str: 16    XL:     4   Next: 79%
Magic:  0/4        EV: 13    Int:  9    God:
Gold:   145        SH:  0    Dex: 14    Spells: 0 memorised, 3 levels left

rFire  . . .     SeeInvis .     a - +0 rapier
rCold  . . .     Gourm    .     b - +0 leather armour
rNeg   . . .     Faith    .     (no shield)
rPois  .         Spirit   +     c - +0 helmet
rElec  .         Dismiss  .     (no cloak)
rCorr  .         Reflect  .     (no gloves)
SustAt .         Harm     .     (no boots)
MR     .....                    (no amulet)
Stlth  +++.......               (no ring)
                                (no ring)

@: slowed, very slow, not resistant to hostile enchantments, fairly stealthy
A: talons 1, nightstalker 1, magic shield
a: no special abilities


You were on level 3 of the Dungeon.
You were not hungry.

You visited 1 branch of the dungeon, and saw 3 of its levels.

You collected 145 gold pieces.

Inventory:

Hand Weapons
 a - a +0 rapier (weapon)
Missiles
 d - 3 throwing nets (quivered)
Armour
 b - a +0 leather armour (worn)
 c - a +0 helmet (worn)
Jewellery
 e - an uncursed amulet of guardian spirit
Wands
 t - a wand of digging (1/24)
Scrolls
 g - 6 scrolls of remove curse {unknown}
 h - a scroll of fear {unknown}
 i - 4 scrolls of teleportation {unknown}
 l - a scroll of amnesia {unknown}
 m - a scroll of immolation {unknown}
 o - a scroll of blinking {unknown}
 q - a scroll of enchant weapon {unknown}
Potions
 j - a potion of cure mutation
 p - a potion of resistance {unknown}
 r - a potion of ambrosia {unknown}
 s - a potion of lignification {unknown}
Comestibles
 k - a bread ration


   Skills:
 + Level 2.5 Fighting
 + Level 3.3 Short Blades
 - Level 1.9 Throwing
 + Level 1.2 Armour
 + Level 3.6 Dodging
 * Level 1.2 Stealth


You had 3 spell levels left.
You didn't know any spells.

Dungeon Overview and Level Annotations

Branches:
Dungeon (3/15)

Altars:
Gozag
Makhleb
Pakellas

Annotations:
D:3 Natasha


Innate Abilities, Weirdness & Mutations

You have sharp toenails.
You are slightly more attuned to the shadows.
When hurt, damage is shared between your health and your magic reserves.


Message History

You are no longer poisoned.
You start resting.
Natasha, Servant of Life and Death comes into view.
Natasha is nearby!
Natasha is nearby!
Things that are here:
a kobold corpse; the felid corpse of Natasha Natasha casts a spell.
You see here an adder corpse.
Natasha stares at you and mumbles some strange words.
You feel yourself slow down. The crimson imp hits you.
* * * LOW HITPOINT WARNING * * *
Found 13 gold pieces.
You closely miss Natasha. Natasha claws you.
* * * LOW HITPOINT WARNING * * *
The crimson imp misses you.
You barely miss Natasha. You claw Natasha.
Natasha is lightly wounded.
Natasha claws you!
You die...

# #.# #.
#.#.#####...
#.#.#.......
..........$
#....#...
##.5...#...
#.††@h.....
#######.....#.#.
#.(........##
#.#######.## #.#
#.# #.# #.. #.#
##.# #.# #
#.#######


You could see Natasha and a crimson imp.

Vanquished Creatures
  A hound (D:2)
  Natasha (D:3)
  An adder (D:3)
  3 worms (D:2)
  A dart slug (D:1)
  2 giant geckos
  3 giant cockroaches (D:1)
  4 hobgoblins
  4 jackals (D:1)
  7 kobolds
  6 bats
  A giant newt (D:1)
  7 goblins
  5 rats
46 creatures vanquished.

Notes
Turn   | Place    | Note
--------------------------------------------------------------
     0 | D:1      | tix the Demonspawn Gladiator began the quest for the Orb.
     0 | D:1      | Reached XP level 1. HP: 16/16 MP: 1/1
   134 | D:1      | Gained mutation: When hurt, damage is shared between your health and your magic reserves. [demonic ancestry]
   134 | D:1      | Reached XP level 2. HP: 17/22 MP: 2/2
   575 | D:1      | Gained mutation: You are slightly more attuned to the shadows. [demonic ancestry]
   575 | D:1      | Reached XP level 3. HP: 25/27 MP: 3/3
   936 | D:2      | Found an opulent altar of Gozag.
  1302 | D:2      | Found a burning altar of Makhleb.
  1308 | D:2      | Reached skill level 1 in Stealth
  1308 | D:2      | Gained mutation: You have sharp toenails. [demonic ancestry]
  1308 | D:2      | Reached XP level 4. HP: 29/34 MP: 2/4
  1383 | D:3      | Found an oddly glowing altar of Pakellas.
  1413 | D:3      | Noticed Natasha
  1418 | D:3      | Killed Natasha
  1418 | D:3      | Reached skill level 1 in Armour
  1465 | D:3      | Noticed Natasha
  1469 | D:3      | Slain by Natasha

Skill      XL: |  1  2  3  4 |
---------------+-------------+-----
Short Blades   | 3 |  3.3
Dodging        | 3 |  3.6
Stealth        | 1 |  1.2
Armour         | 1 |  1.2
Fighting       | |  2.5
Throwing       | |  1.9

Action                   |  1- 3 |  4- 6 || total
-------------------------+-------+-------++-------
Melee: Rapier            |   156 |    28 ||   184
       Kick              |       |    10 ||    10
  Use: Scroll            |     2 |       ||     2
       Potion            |     1 |     2 ||     3
 Stab: Sleeping          |     2 |     1 ||     3
  Eat: Bread ration      |     1 |       ||     1
Armor: Leather armour    |    33 |    10 ||    43
Dodge: Dodged            |    89 |    38 ||   127
